 Dungeon Crawl Stone Soup version 0.28-a0-906-g0406aca7d3 (webtiles) character file.

Game seed: 5437878263100388895

2807 timneilson the Shield-Bearer (level 9, -1/55 HPs)
             Began as a Gargoyle Fighter on Nov 24, 2021.
             Was an Initiate of Okawaru.
             Slain by an orc warrior (20 damage)
             ... in a bailey.
             The game lasted 00:12:07 (7831 turns).

timneilson the Shield-Bearer (Gargoyle Fighter)     Turns: 7831, Time: 00:12:07

Health: -1/55      AC: 19    Str: 23    XL:     9   Next: 72%
Magic:  9/9        EV:  9    Int:  9    God:    Okawaru [......]
Gold:   237        SH:  6    Dex:  9    Spells: 8/8 levels left

rFire   . . .      SeeInvis .   a - +0 long sword (drain)
rCold   . . .      Faith    .   c - +1 buckler
rNeg    + . .      Spirit   .   l - +0 chain mail
rPois   ∞          Reflect  .   (no helmet)
rElec   +          Harm     .   f - +0 cloak
rCorr   .          Rampage  .   r - +0 pair of gloves
Will    .....                   (no boots)
Stlth   ..........              (no amulet)
HPRegen 0.18/turn               u - ring of flight
MPRegen 0.11/turn               g - +4 ring of slaying

@: flying
A: sickness immunity, AC +6, negative energy resistance 1, electricity
resistance, torment resistance 1, petrification resistance
a: Renounce Religion


You were in a bailey.
You worshipped Okawaru.
Okawaru was noncommittal.
You visited 2 branches of the dungeon, and saw 8 of its levels.
You also visited: Bailey.

You collected 237 gold pieces.

Inventory:

Hand Weapons
 a - a +0 long sword of draining (weapon)
Armour
 c - a +1 buckler (worn)
 f - a +0 cloak (worn)
 l - a +0 chain mail (worn)
 r - a +0 pair of gloves (worn)
 w - a +1 tower shield of reflection
 x - the +0 fire dragon scales "Faurej" {rF++ rC- rN+ Regen+ Int-3 Stlth+}
   (You found it in a bailey)

   Int:       It affects your intelligence (-3).
   rF:        It greatly protects you from fire.
   rC:        It makes you vulnerable to cold.
   rN:        It protects you from negative energy.
   Regen:     It increases your rate of health regeneration.
   Stlth:     It makes you more stealthy.
Jewellery
 b - a +6 ring of dexterity
 g - a +4 ring of slaying (right hand)
 k - a +4 ring of protection
 p - a +6 ring of dexterity
 u - a ring of flight (left hand)
 v - a ring of fire
Scrolls
 h - 4 scrolls of teleportation
 o - a scroll of amnesia
 s - a scroll of enchant armour
Potions
 d - 2 potions of might
 e - 2 potions of mutation
 i - a potion of flight
 j - a potion of heal wounds
 m - 2 potions of curing
 n - a potion of resistance
 q - a potion of invisibility
 t - a potion of ambrosia {unknown}


   Skills:
 + Level 5.9 Fighting
 * Level 6.2 Long Blades
 * Level 7.8 Armour
 + Level 3.5 Dodging
 * Level 7.9 Shields
 + Level 0.4 Invocations


You had 8 spell levels left.
You didn't know any spells.
Your spell library contained the following spells:

 Spells                   Type           Power      Damage    Failure   Level
 Sting                    Tmut/Pois      0%         1d3       95%         1
 Ensorcelled Hibernation  Hex/Ice        0%         N/A       98%         2
 Poisonous Vapours        Pois/Air       0%         N/A       98%         2
 Spider Form              Tmut/Pois      0%         N/A       100%        3
 Olgreb's Toxic Radiance  Pois           0%         N/A       100%        4
 Freezing Cloud           Conj/Ice/Air   0%         6-21      100%        5
 Polar Vortex             Ice            0%         N/A       100%        9
 Simulacrum               Ice/Necr       Unusable   N/A       N/A         6

Dungeon Overview and Level Annotations

Branches:
Dungeon (7/15)             Temple (1/1) D:6          Bailey (1/1)

Altars:
Ashenzari
Cheibriados
Dithmenos
Elyvilon
Fedhas
Gozag
Hepliaklqana
Kikubaaqudgha
Makhleb
Okawaru
Qazlal
Ru
Sif Muna
Trog
Uskayaw
Wu Jian
Xom
Yredelemnul
Zin
The Shining One

Shops:
D:6 :

Annotations:
D:3 2 runed translucent doors, 2 transporters, quoriil's ghost, weakling SpWr
D:4 Blork the orc


Innate Abilities, Weirdness & Mutations

You are immune to sickness and miasma.
Your stone body is resilient. (AC +6)
You are immune to poison.
You resist negative energy. (rN+)
You are resistant to electric shocks. (rElec)
You are resistant to unholy torment.
You are immune to petrification.


Message History

The orc warrior closely misses you. You block the orc knight's attack.
The orc warrior hits you from afar with a +0 trident!!
You reach down and open the door.
You block the orc knight's attack.
The orc warrior hits you from afar with a +0 trident.
Found a bronze ring and scorched fire dragon scales.
Found a runed tower shield.
There is an open door here.
You see here a ring of fire.
v - a ring of fire You see here a +1 tower shield of reflection.
w - a +1 tower shield of reflection You see here the +0 fire dragon scales "Faurej" {rF++ rC- rN+ Regen+ Int-3 Stlth+}.
x - the +0 fire dragon scales "Faurej" {rF++ rC- rN+ Regen+ Int-3 Stlth+} You start resting.
Unknown command.
There are monsters nearby!
Unknown command.
The orc warrior no longer looks unusually strong.
As you close the door, it creaks loudly!
You start resting.
An orc warrior opens the door.
It is wielding a +0 glaive.
The orc warrior shouts!
The orc knight shouts!
The orc knight roars a battlecry!
The orc warriors go into a battle-frenzy!
Okay, then.
You slash the orc warrior!
The orc warrior is heavily wounded.
The orc warrior hits you with a +0 glaive!
You barely miss the orc warrior.
The orc warrior is heavily wounded.
The orc warrior hits you with a +0 glaive!
You hit the orc warrior.
The orc warrior is heavily wounded.
You block the orc warrior's attack.
You hit the orc warrior but do no damage.
You drain the orc warrior.
The orc warrior is severely wounded.
The orc warrior hits you with a +0 glaive!!
You die...

########### ## ##.........##
####∩ ##..≈≈≈≈≈≈≈..#######..∩#
##..≈≈.....≈≈...##...####
#########..≈≈..###..≈..##.#######
..........≈≈..##.##...##.........
.≈≈≈≈≈≈≈≈≈≈..##.@o#######≈≈≈≈≈≈≈.
.≈......)...##.....# #####).≈.
.≈.#############'#############.≈.
.≈.##.....+#.....§..§##.$$$.##)≈.
.≈..##...##..≈≈≈§§≈≈..# ##).≈.
.≈≈..##.##..≈≈oooo.≈≈..# ##..≈≈.
#.≈≈..#'#..≈≈...⌠...≈≈.. #..≈≈.∩
∩.≈≈..#'#..§≈..⌠∩⌠.§≈≈.. #..≈≈.#
.≈≈..## ##..≈≈....§≈≈..# ##..≈≈.


You could see an orc knight and 4 orc warriors.

Vanquished Creatures
  Sigmund (D:5)
  A wyvern (D:6)
  4 yaks
  A steam dragon (D:5)
  An ice beast (D:5)
  An orc warrior (Bailey)
  A necrophage (D:5)
  An ogre (D:5)
  2 centaurs
  A kobold brigand (D:5)
  A wyvern zombie (D:6)
  3 scorpions
  2 water moccasin skeletons (D:5)
  A howler monkey (D:6)
  2 centaur zombies
  3 orc priests
  6 jellies
  2 hounds
  A bullfrog skeleton (D:5)
  A scorpion zombie (D:5)
  An iguana (D:6)
  5 orc wizards
  A hound skeleton (D:5)
  6 gnolls
  4 adders
  A shadow imp (D:5)
  A white imp (D:7)
  An adder zombie (D:5)
  An adder skeleton (D:4)
  2 worms
  4 dart slugs
  26 orcs
  5 ball pythons
  19 endoplasms
  2 giant cockroaches
  10 goblins
  10 hobgoblins
  4 quokkas
  5 bats
  2 frilled lizards (D:2)
  16 kobolds
  A rat (D:1)
163 creatures vanquished.

Vanquished Creatures (others)
  A kobold (D:6)
  4 fungi (D:2)
  9 toadstools (D:2)
14 creatures vanquished.

Grand Total: 177 creatures vanquished

Notes
Turn   | Place    | Note
-------+----------+-------------------------------------------
     0 | D:1      | timneilson the Gargoyle Fighter began the quest for the
                  | Orb.
     0 | D:1      | Reached XP level 1. HP: 14/14 MP: 1/1
   260 | D:1      | Reached XP level 2. HP: 15/19 MP: 2/2
  1261 | D:2      | Reached XP level 3. HP: 18/23 MP: 3/3
  1480 | D:2      | Reached XP level 4. HP: 11/28 MP: 4/4
  2272 | D:2      | Reached XP level 5. HP: 30/33 MP: 5/5
  2277 | D:2      | Reached skill level 1 in Dodging
  2936 | D:2      | Found a faded altar of an unknown god.
  3225 | D:3      | Found a runed translucent door.
  3299 | D:3      | Found a runed translucent door.
  3300 | D:3      | Noticed quoriil's ghost (weakling SpWr)
  3389 | D:3      | Found a transporter.
  3414 | D:3      | Found a transporter.
  3489 | D:3      | Found a sacrificial altar of Ru.
  3489 | D:3      | Found a faded altar of an unknown god.
  3496 | D:3      | Found a snail-covered altar of Cheibriados.
  3498 | D:3      | Found an ancient bone altar of Kikubaaqudgha.
  3500 | D:3      | Found a broken altar of Ashenzari.
  3950 | D:4      | Found a stormy altar of Qazlal.
  4251 | D:4      | Reached XP level 6. HP: 38/38 MP: 6/6
  4567 | D:4      | Noticed Blork the orc
  4575 | D:4      | Found a shimmering blue altar of Sif Muna.
  4808 | D:5      | Entered Level 5 of the Dungeon
  4829 | D:5      | Reached skill level 5 in Shields
  4841 | D:5      | Reached XP level 7. HP: 7/43 MP: 7/7
  5139 | D:5      | Reached skill level 5 in Armour
  5603 | D:5      | Reached XP level 8. HP: 48/48 MP: 8/8
  5685 | D:5      | Found a white marble altar of Elyvilon.
  5754 | D:5      | Noticed Sigmund
  5758 | D:5      | Killed Sigmund
  5785 | D:5      | Found a blossoming altar of Fedhas.
  6021 | D:6      | Reached skill level 5 in Fighting
  6217 | D:5      | Reached skill level 5 in Long Blades
  6620 | D:6      | Noticed a yak
  6620 | D:6      | Noticed a yak
  6660 | D:5      | Killed a yak
  6661 | D:5      | Reached XP level 9. HP: 53/54 MP: 9/9
  6754 | D:6      | Found Bucuolia's Book Shop.
  7104 | D:6      | Found a staircase to the Ecumenical Temple.
  7121 | Temple   | Entered the Ecumenical Temple
  7184 | Temple   | Became a worshipper of Warmaster Okawaru
  7333 | D:7      | Found a flagged portal.
  7383 | Bailey   | Entered a bailey
  7715 | Bailey   | Noticed an orc knight
  7736 | Bailey   | Identified the +0 fire dragon scales "Faurej" {rF++ rC- rN+
                  | Regen+ Int-3 Stlth+}
  7831 | Bailey   | Slain by an orc warrior

Illustrated notes

Levels and vault maps discovered:
D:1:      evilmike_arrival_fibonacci_small, layout_loops_corners,
          serial_aquarium, aquarium_bridge_straight [aquarium_subvault_bridge,
          aquarium_subvault_wall, aquarium_subvault_bridge,
          aquarium_subvault_wall], aquarium_window_1, aquarium_window_1,
          aquarium_view_2a, aquarium_pool_2, chequers_serial_rivers_micro_b,
          chequers_serial_rivers_marsh, st_stairs_7
D:2:      cheibrodos_fertilizer, layout_basic,
          dilly_ecumenical_altar_fadedgnrine, fountainhead
D:3:      gammafunk_wand_slinger, layout_basic,
          chequers_temple_overflow_minitemple, ebering_ghost_sewer_f
D:4:      cheibrodos_greedy_goblins, layout_rooms, tgw_sif,
          overflow_temple_1_default, minmay_splitting_lines,
          columned_hall_lemuel, serial_bayou_pond_a, kennysheep_path_1,
          minmay_a_box_with_orc_wizards_in_it
D:5:      layout_rooms, kennysheep_little_box, mainiacjoe_overflow_catwalk,
          grunt_ministairs_4, lemuel_another_geyser, uniq_sigmund
D:6:      layout_rooms, minmay_temple_entry_statues_fountains, serial_shops,
          nicolae_stop_n_shop_1
D:7:      layout_cave_pools, enter_bailey_6, uniq_duvessa
Temple:   nicolae_temple_x_marks_the_god
Bailey:   bailey_polearm_1, bailey

Skill      XL: |  1  2  3  4  5  6  7  8  9 |
---------------+----------------------------+-----
Long Blades    | 2 3 4 5 6 |  6.2
Shields        | 4 5 7 |  7.9
Armour         | 4 5 7 |  7.8
Dodging        | 1 2 3 |  3.5
Fighting       | 4 5 |  5.9
Invocations    | |  0.4

Action                   |  1- 3 |  4- 6 |  7- 9 || total
-------------------------+-------+-------+-------++-------
Melee: Long sword        |    76 |   214 |   240 ||   530
  Use: Scroll            |     2 |     9 |     1 ||    12
       Potion            |       |     1 |       ||     1
Armor: Scale mail        |    44 |    45 |       ||    89
       Chain mail        |       |   101 |   196 ||   297
Dodge: Dodged            |    37 |    66 |   116 ||   219
Block: Buckler           |    16 |    45 |   102 ||   163

Table legend: (Time is in decaauts)
 A = Elapsed time spent in this place.
 B = Non-inter-level travel time spent in this place.
 C = Inter-level travel time spent in this place.
 D = Time resting spent in this place.
 E = Time spent auto-exploring this place.
 F = Levels seen in this place.
 G = Mean time per level.
                   A        B        C        D        E       F      G
               +--------+--------+--------+--------+--------+-----+--------+
         Total |   7950 |   7818 |    132 |   1164 |   4965 |   9 |  883.3 |
       Dungeon |   7429 |   7303 |    126 |    913 |   4919 |   7 | 1061.3 |
        Temple |     70 |     64 |      6 |      0 |     46 |   1 |   70.0 |
        Bailey |    450 |    450 |      0 |    251 |      0 |   1 |  450.0 |
               +--------+--------+--------+--------+--------+-----+--------+

Top non-repeatable levels by time:
     D:2: 1807 daAuts
     D:5: 1706 daAuts
     D:1: 1277 daAuts
     D:3: 921 daAuts
     D:4: 877 daAuts
     D:6: 731 daAuts
  Bailey: 450 daAuts
     D:7: 107 daAuts
  Temple: 70 daAuts
